[Event "Titled Tuesday Blitz September 28 2021"]
[White "Mgeladze, Tamaz"]
[Black "Navalgund, Niranjan"]
[WhiteFideId "13601202"]
[BlackFideId "5030854"]
[WhiteElo "2258"]
[BlackElo "2290"]
[Result "1-0"]
[Round "01"]
[TimeControl "180+1"]
[Date "2021.09.28"]
[WhiteClock "0:00:11"]
[BlackClock "0:01:07"]

1. c4 e5 2. g3 h5 3. Nf3 Nc6 4. Bg2 Be7 5. h4 Nf6 6. Nc3 Ng4 7. d4 exd4 8. Nxd4 Bc5 9. e3 Qf6 10. O-O Nxd4 11. exd4 Qxd4 12. Re1+ Kd8 13. Be3 Qxd1 14. Raxd1 Nxe3 15. fxe3 d6 16. Nd5 Bg4 17. Rd3 Re8 18. b4 Bf5 19. Rdd1 c6 20. bxc5 cxd5 21. Rxd5 Be6 22. Rxd6+ Kc7 23. Rb1 Rab8 24. Rd4 Bf5 25. Rb3 Re5 26. Rd5 f6 27. Rxe5 fxe5 28. Bd5 b6 29. cxb6+ axb6 30. Ra3 Kd6 31. Ra7 g6 32. e4 Bg4 33. Rg7 b5 34. Rxg6+ Kc5 35. Rc6+ Kd4 36. c5 Rf8 37. Rc7 Rf3 38. c6 Ke3 39. Rf7 Rxg3+ 40. Kh2 Rh3+ 41. Kg2 Rxh4 42. c7 Bc8 43. Rf3+ Kd4 44. Rf8 Rg4+ 45. Kf3 Rf4+ 46. Rxf4 exf4 47. Kxf4 h4 48. a3 h3 49. Kg3 Ke5 50. Bc6 Kd6 51. Bxb5 Kxc7 52. Bf1 Bb7 53. Kf4 Bc8 54. Kg3 Kd6 55. Bxh3 Bb7 56. Kf4 Kc5 57. Bf1 Kd4 58. e5 Bc8 59. a4 Kc5 60. a5 Kd5 61. a6 Kc5 62. a7 Bb7 63. Bd3 Kb6 64. Be4 Kxa7 65. Bxb7 Kxb7 66. Kf5 Kc7 67. Kf6 Kd8 68. Kf7 Kd7 69. e6+ Kd6 70. e7 Kc5 71. e8=Q Kb4 72. Qc8 1-0


[Site "https://www.chess.com"]

[Event "Titled Tuesday Blitz September 28 2021"]
[White "Molina, Roberto Junio Brito"]
[Black "Elissalt Cardenas, Hector"]
[WhiteFideId "2109450"]
[BlackFideId "3500632"]
[WhiteElo "2402"]
[BlackElo "2383"]
[Result "1-0"]
[Round "01"]
[TimeControl "180+1"]
[Date "2021.09.28"]
[WhiteClock "0:00:19"]
[BlackClock "0:00:09"]

1. d4 d5 2. c4 e6 3. Nc3 Nf6 4. cxd5 exd5 5. Bg5 c6 6. e3 Be7 7. Qc2 Nh5 8. Bxe7 Kxe7 9. Bd3 g6 10. Nge2 Re8 11. O-O-O Kf8 12. Kb1 Kg8 13. h3 Ng7 14. g4 Qh4 15. Nf4 Nd7 16. Qd2 b5 17. f3 Nb6 18. e4 b4 19. Nce2 a5 20. Rc1 Bd7 21. e5 Rab8 22. Ng2 Qe7 23. f4 f5 24. Ne3 Rf8 25. Ka1 a4 26. Rc5 a3 27. b3 Rbc8 28. Qxb4 Rb8 29. Qd2 Ne6 30. Rcc1 c5 31. gxf5 Nxd4 32. Nxd4 cxd4 33. Nc2 Bxf5 34. Bxf5 Rxf5 35. Nxd4 Rff8 36. Nc6 Qg7 37. Nxb8 Nc4 38. Qxd5+ 1-0


[Site "https://www.chess.com"]

[Event "Titled Tuesday Blitz September 28 2021"]
[White "Moore, Nicholas"]
[Black "Salinas Herrera, Pablo"]
[WhiteFideId "4303709"]
[BlackFideId "3407128"]
[WhiteElo "2425"]
[BlackElo "2541"]
[Result "0-1"]
[Round "01"]
[TimeControl "180+1"]
[Date "2021.09.28"]
[WhiteClock "0:00:37"]
[BlackClock "0:00:10"]

1. d4 d5 2. c4 e6 3. Nc3 Nf6 4. cxd5 exd5 5. Bg5 c6 6. Qc2 h6 7. Bf4 Bd6 8. Bxd6 Qxd6 9. e3 O-O 10. Bd3 Re8 11. Nf3 Be6 12. O-O Nbd7 13. a3 a5 14. Rab1 b5 15. Rfc1 a4 16. Na2 Rec8 17. Nb4 Nb6 18. Ne5 Nc4 19. Bxc4 dxc4 20. Nbxc6 Rxc6 21. Nxc6 Qxc6 22. f3 Rd8 23. Qc3 Nd5 24. Qa5 Ra8 25. Qd2 f5 26. Re1 Nf6 27. Rbd1 Bd5 28. Qb4 Re8 29. Qc5 Qxc5 30. dxc5 Rc8 31. e4 fxe4 32. fxe4 Bxe4 33. Rd6 Rxc5 34. Rxf6 gxf6 35. Rxe4 c3 36. bxc3 Rxc3 37. Re8+ Kf7 38. Rb8 Rb3 39. Rb6 Kg6 40. g4 Kg5 41. h3 Rb2 42. h4+ Kxg4 43. Rxf6 h5 44. Rg6+ Kxh4 45. Rb6 Kh3 46. Rc6 Rb3 47. Rc5 h4 48. Rd5 Kg3 49. Rg5+ Kf4 50. Rh5 h3 51. Kh2 Kg4 52. Rc5 Rb2+ 53. Kh1 Kf4 54. Rh5 h2 55. Rh4+ Ke3 56. Rh3+ Kd2 57. Rh4 Kc1 58. Rh3 Kb1 59. Rg3 Ka2 60. Re3 Rb3 61. Re2+ Kxa3 62. Rd2 Rb1+ 63. Kxh2 Rb2 64. Rxb2 Kxb2 0-1


[Site "https://www.chess.com"]

[Event "Titled Tuesday Blitz September 28 2021"]
[White "Moskalenko, Alexander"]
[Black "Sagripanti, Michele"]
[WhiteFideId "4155351"]
[BlackFideId "847895"]
[WhiteElo "2515"]
[BlackElo "2195"]
[Result "1-0"]
[Round "01"]
[TimeControl "180+1"]
[Date "2021.09.28"]
[WhiteClock "0:00:50"]
[BlackClock "0:00:28"]

1. c4 g6 2. g3 Bg7 3. Bg2 e5 4. Nc3 Nc6 5. d3 Nge7 6. Nf3 O-O 7. h4 d6 8. h5 Bg4 9. hxg6 hxg6 10. Bh6 Bxh6 11. Rxh6 Bh5 12. Qd2 Nf5 13. O-O-O Kg7 14. Rxh5 gxh5 15. Bh3 Nh6 16. Rh1 Rh8 17. Nh4 Ne7 18. f4 Ng6 19. Nf5+ Nxf5 20. Bxf5 exf4 21. gxf4 Qf6 22. e4 Rag8 23. Nd5 Qd8 24. Qc3+ f6 25. Be6 c6 26. Bxg8 cxd5 27. Bxd5 Nxf4 28. Rg1+ Kh6 29. Qd2 Qe7 30. Qxf4+ Kh7 31. Qf5+ Kh6 32. Qg6# 1-0


[Site "https://www.chess.com"]

[Event "Titled Tuesday Blitz September 28 2021"]
[White "Nurmanova, Alua"]
[Black "Savchenko, Boris"]
[WhiteFideId "13729390"]
[BlackFideId "4147332"]
[WhiteElo "1869"]
[BlackElo "2543"]
[Result "0-1"]
[Round "01"]
[TimeControl "180+1"]
[Date "2021.09.28"]
[WhiteClock "0:00:17"]
[BlackClock "0:00:12"]

1. e4 c5 2. Nf3 d6 3. d4 cxd4 4. Nxd4 Nf6 5. Nc3 a6 6. Bg5 Nbd7 7. Qe2 h6 8. Bh4 g6 9. O-O-O Bg7 10. f4 Qc7 11. h3 O-O 12. Bxf6 Nxf6 13. e5 dxe5 14. fxe5 Nh5 15. Nd5 Qxe5 16. Nxe7+ Kh7 17. Qxe5 Bxe5 18. Bc4 b5 19. Bd5 Ra7 20. Ndc6 Bf4+ 21. Kb1 Rc7 22. Rhf1 Bg5 23. Bxf7 Bxe7 24. Nxe7 Rxe7 25. Bxg6+ Kxg6 26. Rxf8 Bb7 27. g4 Kg7 28. Rfd8 Nf6 29. b3 Bg2 30. R1d3 Be4 31. Rd2 Kg6 32. R8d6 Kg7 33. Rxa6 Bh7 34. Rdd6 Ne4 35. Rxh6 Nc3+ 36. Kb2 Nd1+ 37. Kc1 Nc3 38. Rhc6 b4 39. a3 Re1+ 40. Kd2 Re2+ 41. Kc1 Rxc2# 0-1


[Site "https://www.chess.com"]

[Event "Titled Tuesday Blitz September 28 2021"]
[White "Odegov, Artem"]
[Black "Bok, Benjamin"]
[WhiteFideId "34183644"]
[BlackFideId "1017063"]
[WhiteElo "2257"]
[BlackElo "2658"]
[Result "0-1"]
[Round "01"]
[TimeControl "180+1"]
[Date "2021.09.28"]
[WhiteClock "0:00:03"]
[BlackClock "0:00:14"]

1. d4 Nf6 2. c4 e6 3. Nf3 d5 4. Nc3 c6 5. Bg5 h6 6. Bh4 dxc4 7. e4 g5 8. Bg3 b5 9. Be2 Bb7 10. h4 g4 11. Ne5 Nbd7 12. O-O Nxe5 13. Bxe5 Rg8 14. f3 Nd7 15. Bg3 Be7 16. Qe1 Qb6 17. Qf2 gxf3 18. Bxf3 O-O-O 19. a4 a6 20. Rfc1 Rxg3 21. Qxg3 Qxd4+ 22. Kh1 Bd6 23. Ne2 Qc5 24. Qe1 Ne5 25. Qg1 Nd3 26. Qxc5 Bxc5 27. Rf1 Nxb2 28. axb5 cxb5 29. e5 Rd7 30. Nc3 Nd3 31. Bxb7+ Kxb7 32. Ne4 Bd4 33. Rxf7 Rxf7 34. Ra2 Rf1+ 35. Kh2 Bxe5+ 36. g3 Kb6 37. Rf2 Nxf2 0-1


[Site "https://www.chess.com"]

[Event "Titled Tuesday Blitz September 28 2021"]
[White "Pasti, Aron"]
[Black "Pakleza, Zbigniew"]
[WhiteFideId "785857"]
[BlackFideId "1119290"]
[WhiteElo "2080"]
[BlackElo "2526"]
[Result "1-0"]
[Round "01"]
[TimeControl "180+1"]
[Date "2021.09.28"]
[WhiteClock "0:00:08"]
[BlackClock "0:00:08"]

1. e4 d6 2. d4 Nf6 3. Nc3 c6 4. a4 Nbd7 5. f4 e5 6. Nf3 Be7 7. Bc4 O-O 8. fxe5 dxe5 9. dxe5 Ng4 10. e6 Nde5 11. exf7+ Kh8 12. Qxd8 Bxd8 13. Bb3 Nxf3+ 14. gxf3 Ne5 15. Ke2 Nxf7 16. Bf4 Bf6 17. Rad1 Ne5 18. Nb1 Bh3 19. Nd2 Ng6 20. Bg3 Bxb2 21. Ke3 Ba3 22. Nc4 Bc5+ 23. Ke2 Bg2 24. Rhf1 Bxf1+ 25. Rxf1 Nf4+ 26. Bxf4 Rxf4 27. Ne5 Rh4 28. Nf7+ Kg8 29. Ng5+ Kf8 30. Ne6+ Ke7 31. Nxc5 Rxh2+ 32. Ke3 b6 33. Nd3 g5 34. Ne5 c5 35. Rg1 h6 36. Bd5 Rc8 37. Nc6+ Kf6 38. Nxa7 Rh8 39. Nc6 Rxc2 40. e5+ Kg7 41. e6 Kf6 42. f4 gxf4+ 43. Kxf4 Rf2+ 44. Ke3 Rf5 45. Ke4 Rg5 46. Rf1+ Kg6 47. Ne7+ Kh5 48. Rh1+ Kg4 49. Nc6 Ra8 50. Ne5+ Kg3 51. Rg1+ Kf2 52. Rxg5 Rxa4+ 53. Kf5 hxg5 54. e7 Rf4+ 55. Kxg5 Rd4 56. e8=Q Rxd5 57. Qf7+ Ke3 58. Qxd5 b5 59. Nc4+ bxc4 60. Qxc4 Kd2 61. Qxc5 1-0


[Site "https://www.chess.com"]

[Event "Titled Tuesday Blitz September 28 2021"]
[White "Perez Ponsa, Federico"]
[Black "Garrido Outon, Alex"]
[WhiteFideId "117927"]
[BlackFideId "24516279"]
[WhiteElo "2672"]
[BlackElo "2131"]
[Result "1-0"]
[Round "01"]
[TimeControl "180+1"]
[Date "2021.09.28"]
[WhiteClock "0:00:43"]
[BlackClock "0:00:17"]

1. e4 c6 2. d4 g6 3. Nf3 d5 4. Nbd2 Bg7 5. c3 dxe4 6. Nxe4 Nf6 7. Nxf6+ exf6 8. Bc4 O-O 9. O-O Nd7 10. a4 Nb6 11. Bb3 a5 12. Re1 Bf5 13. Bf4 Qd7 14. Qd2 Rfe8 15. h3 Be6 16. Qc2 h5 17. Bh2 Bf5 18. Qd2 Be6 19. Bxe6 Rxe6 20. b3 Rae8 21. Rxe6 Rxe6 22. c4 f5 23. Rd1 Re4 24. d5 cxd5 25. Qxa5 Qc6 26. cxd5 Qc2 27. Qd2 Qxb3 28. d6 Nd7 29. a5 Bc3 30. Qd3 Qb4 31. a6 bxa6 32. Qxa6 Qb6 33. Qc8+ Kg7 34. Qxc3+ 1-0


[Site "https://www.chess.com"]

[Event "Titled Tuesday Blitz September 28 2021"]
[White "Petriashvili, Nikoloz"]
[Black "Kovanova, Baira"]
[WhiteFideId "13611216"]
[BlackFideId "4164083"]
[WhiteElo "2430"]
[BlackElo "2187"]
[Result "1-0"]
[Round "01"]
[TimeControl "180+1"]
[Date "2021.09.28"]
[WhiteClock "0:00:04"]
[BlackClock "0:00:03"]

1. e4 e5 2. Nf3 Nc6 3. Bb5 a6 4. Ba4 b5 5. Bb3 Bb7 6. c3 Nf6 7. Qe2 Bc5 8. d3 d6 9. O-O O-O 10. Bg5 h6 11. Bh4 Qe7 12. Nbd2 Nd8 13. d4 Bb6 14. Rfe1 Ne6 15. dxe5 dxe5 16. Bg3 Nf4 17. Bxf4 exf4 18. h3 Rfe8 19. e5 Nd7 20. e6 fxe6 21. Qxe6+ Qxe6 22. Bxe6+ Rxe6 23. Rxe6 Nc5 24. Re7 Nd3 25. Nd4 Rd8 26. N2f3 Rd6 27. Re2 Kh7 28. Rd1 Nc5 29. Ne5 Ne4 30. Ree1 Bd5 31. Kf1 Bxa2 32. Rxe4 c5 33. Rxf4 cxd4 34. cxd4 Bd5 35. h4 Rd8 36. h5 Rc8 37. Ng6 Bc4+ 38. Kg1 a5 39. d5 Rd8 40. d6 a4 41. d7 Be6 42. Rf8 Rxd7 43. Rh8# 1-0


[Site "https://www.chess.com"]

[Event "Titled Tuesday Blitz September 28 2021"]
[White "Petukhov, Dmitry"]
[Black "Krivonosov, Oleg"]
[WhiteFideId "4142748"]
[BlackFideId "11600349"]
[WhiteElo "2356"]
[BlackElo "2469"]
[Result "1-0"]
[Round "01"]
[TimeControl "180+1"]
[Date "2021.09.28"]
[WhiteClock "0:00:26"]
[BlackClock "0:00:09"]

1. e4 e5 2. Nf3 Nc6 3. Bb5 Nf6 4. O-O Nxe4 5. d4 Nd6 6. Bxc6 dxc6 7. dxe5 Nf5 8. Qxd8+ Kxd8 9. Nc3 Be7 10. Ne2 h5 11. g3 Ke8 12. h4 Be6 13. Nf4 Bd5 14. Nxd5 cxd5 15. Bg5 Bxg5 16. Nxg5 Ke7 17. Rad1 Rad8 18. Rfe1 Rh6 19. c4 d4 20. b3 Ra6 21. Rd2 c5 22. Kg2 Rc6 23. Kf3 g6 24. Ne4 Ke6 25. Kf4 a6 26. f3 Ke7 27. Nf6 Ne3 28. Ke4 Rcc8 29. Nd5+ Nxd5 30. cxd5 f6 31. f4 Rf8 32. Rc1 Rfd8 33. d6+ Ke6 34. b4 b6 35. bxc5 bxc5 36. Rb2 f5+ 37. Kd3 Kd5 38. Rc4 Rb8 39. Rbc2 Rb5 40. a4 Rb3+ 41. Kd2 Rxg3 42. Rxc5+ Ke4 43. R2c4 Rg2+ 44. Ke1 Ke3 45. Kf1 Rf2+ 46. Kg1 Ra2 47. Rc8 Rxc8 48. Rxc8 d3 49. d7 Ra1+ 50. Kg2 Ra2+ 51. Kg3 1-0


[Site "https://www.chess.com"]

[Event "Titled Tuesday Blitz September 28 2021"]
[White "Pichot, Alan"]
[Black "LEGENYA1998"]
[WhiteFideId "110973"]
[WhiteElo "2600"]
[BlackElo "2425"]
[Result "1-0"]
[Round "01"]
[TimeControl "180+1"]
[Date "2021.09.28"]
[WhiteClock "0:02:08"]
[BlackClock "0:01:38"]

1. e4 e5 2. Nf3 Nc6 3. Bb5 a6 4. Ba4 Nf6 5. d3 Bc5 6. O-O b5 7. Bb3 d6 8. c3 Bg4 9. h3 Bh5 10. Re1 O-O 11. Nbd2 h6 12. Nf1 Bg6 13. Ng3 a5 14. Nh4 Bh7 15. Nhf5 d5 16. Qf3 dxe4 17. Nxe4 Nxe4 18. dxe4 Ne7 19. Be3 Bxe3 20. Nxe3 Qd3 21. Nd5 Qxf3 22. Nxe7+ Kh8 23. gxf3 Rad8 24. Rad1 1-0


[Site "https://www.chess.com"]

[Event "Titled Tuesday Blitz September 28 2021"]
[White "Pridorozhni, Aleksei"]
[Black "Lossi C., Cyrano Jose"]
[WhiteFideId "4127870"]
[BlackFideId "7301600"]
[WhiteElo "2565"]
[BlackElo "1811"]
[Result "1-0"]
[Round "01"]
[TimeControl "180+1"]
[Date "2021.09.28"]
[WhiteClock "0:02:22"]
[BlackClock "0:00:31"]

1. e4 c6 2. Nc3 d5 3. Qe2 d4 4. Nd1 e5 5. g3 Bd6 6. d3 Ne7 7. f4 f6 8. Nf3 Bg4 9. Bg2 Nd7 10. O-O O-O 11. f5 c5 12. Nf2 Bh5 13. g4 Bf7 14. h4 Kh8 15. Nh1 Ng8 16. Ng3 c4 17. g5 cxd3 18. cxd3 Rc8 19. h5 fxg5 20. Nxg5 Be7 21. Ne6 Bxe6 22. fxe6 Ndf6 23. Nf5 Qe8 24. h6 Nxh6 25. Bxh6 gxh6 26. Nxh6 Qh5 27. Nf7+ Kg7 28. Bf3 Qg6+ 29. Kh1 Qh5+ 30. Bxh5 1-0


[Site "https://www.chess.com"]

[Event "Titled Tuesday Blitz September 28 2021"]
[White "Quintiliano Pinto, Renato R."]
[Black "Zlatin, Alexander"]
[WhiteFideId "2117568"]
[BlackFideId "2810549"]
[WhiteElo "2439"]
[BlackElo "2228"]
[Result "1-0"]
[Round "01"]
[TimeControl "180+1"]
[Date "2021.09.28"]
[WhiteClock "0:00:14"]
[BlackClock "0:00:20"]

1. Nf3 g6 2. c4 c5 3. Nc3 Nc6 4. g3 Bg7 5. Bg2 e5 6. O-O Nge7 7. Ne1 O-O 8. Nc2 d6 9. Ne3 a6 10. d3 Rb8 11. a4 Be6 12. Ned5 h6 13. Rb1 f5 14. Bd2 Kh7 15. b4 cxb4 16. Nxb4 Nxb4 17. Rxb4 Nc6 18. Rb1 f4 19. e3 g5 20. Nd5 Bf5 21. Bc3 Qd7 22. Rb2 Bg4 23. Be4+ Kh8 24. Qb1 f3 25. Nb4 Nxb4 26. Rxb4 Bh5 27. Kh1 Qh3 28. Rg1 g4 29. Rxb7 Rxb7 30. Qxb7 Be8 31. Qe7 Bc6 32. Bxc6 Rf5 33. Qe8+ Bf8 34. Be4 Rf6 35. c5 dxc5 36. Bxe5 Kg7 37. Bxf6+ Kxf6 38. Qxf8+ Ke6 39. Qxc5 h5 40. Qf5+ Kd6 41. Qg5 a5 42. Qh4 Qxh4 43. gxh4 Ke5 44. h3 g3 45. Rxg3 1-0


[Site "https://www.chess.com"]

[Event "Titled Tuesday Blitz September 28 2021"]
[White "Richter, Nils"]
[Black "Drozdowski, Kacper"]
[WhiteFideId "12990809"]
[BlackFideId "1136720"]
[WhiteElo "2289"]
[BlackElo "2507"]
[Result "0-1"]
[Round "01"]
[TimeControl "180+1"]
[Date "2021.09.28"]
[WhiteClock "0:00:18"]
[BlackClock "0:01:32"]

1. Nf3 c5 2. b3 Nc6 3. Bb2 d5 4. e3 Bg4 5. h3 Bh5 6. Bb5 e6 7. Bxc6+ bxc6 8. d3 Nf6 9. Nbd2 Be7 10. O-O O-O 11. Qe2 Nd7 12. c4 Bf6 13. Bxf6 Qxf6 14. Rac1 a5 15. Rc2 a4 16. Rfc1 Rfb8 17. Nf1 h6 18. Ng3 Bg6 19. bxa4 Rxa4 20. e4 Rba8 21. cxd5 cxd5 22. Rb2 c4 23. dxc4 dxe4 24. Ne1 Nc5 25. Rcb1 Kh7 26. Qe3 Nd3 27. Nxd3 exd3 28. c5 Rxa2 29. Rxa2 Rxa2 30. Rd1 Ra4 31. c6 Rc4 32. Rxd3 Rxc6 33. Rd1 Rc2 34. Rf1 Ra2 35. Ne4 Qe5 36. Ng3 Qxe3 37. fxe3 f5 38. Rf2 Ra1+ 39. Kh2 Ra3 40. Re2 Be8 41. Kg1 Bb5 42. Re1 Bc6 43. e4 Rxg3 44. exf5 0-1


[Site "https://www.chess.com"]

[Event "Titled Tuesday Blitz September 28 2021"]
[White "Rodchenkov, Vitaly"]
[Black "Lashkin, Jegor"]
[WhiteFideId "4152964"]
[BlackFideId "13907808"]
[WhiteElo "2337"]
[BlackElo "2293"]
[Result "0-1"]
[Round "01"]
[TimeControl "180+1"]
[Date "2021.09.28"]
[WhiteClock "0:02:06"]
[BlackClock "0:02:34"]

1. Nf3 d5 2. c4 d4 3. e3 Nc6 4. d3 e5 5. g3 Nf6 6. Bg2 Bb4+ 7. Bd2 dxe3 8. fxe3 Qxd3 9. Bxb4 Nxb4 10. Qa4+ Nc6 11. Nc3 Qxe3+ 12. Kf1 Ng4 13. Qc2 Bf5 14. Nd1 Bd3+ 0-1


[Site "https://www.chess.com"]

[Event "Titled Tuesday Blitz September 28 2021"]
[White "Rodriguez, Santiago"]
[Black "Zubov, Alexander"]
[WhiteFideId "3000591"]
[BlackFideId "14109409"]
[WhiteElo "2256"]
[BlackElo "2740"]
[Result "0-1"]
[Round "01"]
[TimeControl "180+1"]
[Date "2021.09.28"]
[WhiteClock "0:00:02"]
[BlackClock "0:00:19"]

1. d4 Nf6 2. Bg5 d5 3. Bxf6 gxf6 4. c4 dxc4 5. e3 e6 6. Bxc4 Bg7 7. Nc3 O-O 8. Qc2 c5 9. d5 exd5 10. Bxd5 Na6 11. O-O-O Qe7 12. a3 Rb8 13. Bc4 Nc7 14. Nge2 b5 15. Nd5 Nxd5 16. Bxd5 f5 17. Nf4 b4 18. a4 b3 19. Qd3 Qe5 20. Rd2 Rb4 21. Kb1 Rxa4 22. Bxb3 Rb4 23. Rc1 c4 24. Rxc4 Ba6 25. Rxb4 Bxd3+ 26. Nxd3 Qxh2 27. g3 Qh1+ 28. Ka2 Qc6 29. Nf4 Qa6+ 30. Ra4 Qb7 31. Rd5 Rb8 32. Ra3 Bf8 0-1


[Site "https://www.chess.com"]

[Event "Titled Tuesday Blitz September 28 2021"]
[White "Rozhkov, Viacheslav"]
[Black "Svane, Rasmus"]
[WhiteFideId "4181484"]
[BlackFideId "4657101"]
[WhiteElo "2324"]
[BlackElo "2643"]
[Result "0-1"]
[Round "01"]
[TimeControl "180+1"]
[Date "2021.09.28"]
[WhiteClock "0:00:04"]
[BlackClock "0:00:38"]

1. e4 c6 2. d4 d5 3. e5 Bf5 4. Nd2 e6 5. Nb3 Nd7 6. Be3 Ne7 7. c3 Bg6 8. f4 Nf5 9. Bf2 h5 10. Nf3 h4 11. h3 Bh5 12. Bd3 g6 13. O-O Be7 14. Rc1 a5 15. c4 dxc4 16. Bxc4 Nb6 17. Bd3 Nd5 18. Qd2 Bb4 19. Qc2 Bxf3 20. gxf3 Nfe3 21. Bxe3 Nxe3 22. Qf2 Nxf1 23. Rxf1 a4 24. Nc1 a3 25. b3 Qb6 26. Ne2 O-O-O 27. Rc1 Kb8 28. Rc4 c5 29. dxc5 Qa5 30. Nd4 Be1 31. Qc2 Qd2 32. c6 Rxd4 33. c7+ Kc8 34. Rxd4 Bf2+ 35. Kf1 Qxc2 0-1


[Site "https://www.chess.com"]

[Event "Titled Tuesday Blitz September 28 2021"]
[White "Rustemov, Alexander"]
[Black "Ronka, Erik"]
[WhiteFideId "4119002"]
[BlackFideId "505080"]
[WhiteElo "2752"]
[BlackElo "2264"]
[Result "1-0"]
[Round "01"]
[TimeControl "180+1"]
[Date "2021.09.28"]
[WhiteClock "0:01:20"]
[BlackClock "0:01:09"]

1. d4 Nf6 2. c4 g6 3. Nf3 Bg7 4. g3 O-O 5. Bg2 d6 6. Nc3 Nbd7 7. d5 Nc5 8. Be3 a5 9. O-O b6 10. h3 Nfd7 11. Bd4 Nf6 12. Rc1 Bd7 13. b3 Rc8 14. Re1 e5 15. dxe6 Nxe6 16. Be3 Re8 17. Qd2 Nc5 18. Nd4 Nfe4 19. Nxe4 Nxe4 20. Qd3 Nc5 21. Qc2 Ne6 22. Nc6 Qf6 23. Qd2 Kh8 24. Red1 Nc5 25. Bd4 Qxd4 26. Nxd4 1-0


[Site "https://www.chess.com"]

[Event "Titled Tuesday Blitz September 28 2021"]
[White "Sadhwani, Raunak"]
[Black "Martins, Igor Carvalho Ribeiro"]
[WhiteFideId "35093487"]
[BlackFideId "2162962"]
[WhiteElo "2517"]
[BlackElo "2471"]
[Result "0-1"]
[Round "01"]
[TimeControl "180+1"]
[Date "2021.09.28"]
[WhiteClock "0:00:48"]
[BlackClock "0:00:27"]

1. b3 Nf6 2. Bb2 g6 3. Nf3 Bg7 4. g3 O-O 5. Bg2 d6 6. d4 c5 7. O-O cxd4 8. Nxd4 d5 9. c4 dxc4 10. bxc4 Qb6 11. Qb3 Nfd7 12. Rd1 Na6 13. Na3 Nac5 14. Qc2 a6 15. Nb3 Bxb2 16. Qxb2 Na4 17. Qc2 Ndc5 18. Rab1 Qc7 19. Rbc1 Bf5 20. e4 Bg4 21. f3 Be6 22. Nd4 Bd7 23. Nb1 Rac8 24. Nc3 Nxc3 25. Qxc3 e5 26. Nb3 Be6 27. Qe3 b6 28. h4 Rcd8 29. Kh2 Kg7 30. h5 h6 31. hxg6 fxg6 32. Qc3 Na4 33. Qb4 Nc5 34. Qa3 a5 35. Qb2 Nd3 36. Rxd3 Rxd3 37. c5 Bxb3 38. cxb6 Qxb6 39. axb3 Qd4 40. Qa3 Rd2 41. Qxa5 Rxf3 42. Rc7+ Rf7 43. Kh3 Rxc7 44. Qxc7+ Qd7+ 0-1


[Site "https://www.chess.com"]

[Event "Titled Tuesday Blitz September 28 2021"]
[White "Seo, Jung Min"]
[Black "Pavlidis, Anastasios"]
[WhiteFideId "1734687"]
[BlackFideId "4208404"]
[WhiteElo "2486"]
[BlackElo "2136"]
[Result "0-1"]
[Round "01"]
[TimeControl "180+1"]
[Date "2021.09.28"]
[WhiteClock "0:00:14"]
[BlackClock "0:00:40"]

1. Nf3 Nf6 2. d4 g6 3. c4 Bg7 4. Nc3 d6 5. e4 O-O 6. Be2 e5 7. O-O Nc6 8. d5 Ne7 9. Ne1 Nd7 10. Be3 f5 11. f3 f4 12. Bf2 g5 13. Rc1 h5 14. b4 a5 15. a3 Nf6 16. c5 g4 17. Nb5 Ng6 18. cxd6 cxd6 19. Nc7 g3 20. hxg3 fxg3 21. Bxg3 h4 22. Bh2 Ra7 23. b5 b6 24. Ne6 Bxe6 25. dxe6 Nh5 26. Rc6 Qg5 27. e7 Rxe7 28. Nd3 Ngf4 29. Nxf4 exf4 30. Qxd6 h3 31. Rf2 Be5 32. Qg6+ Rg7 33. Qxg5 Rxg5 34. Bc4+ Kh7 35. Kf1 Ng3+ 36. Ke1 Bc3+ 37. Kd1 Rd8+ 38. Bd5 Bd4 39. Rd2 Be3 40. gxh3 Bxd2 41. Kxd2 Nf1+ 42. Kd3 Nxh2 43. Rxb6 Nxf3 44. Rf6 Ne5+ 45. Kd4 f3 46. b6 Kg7 47. Rf4 Nc6+ 48. Kc5 Ne5 49. Kd4 Nd7 50. b7 Nb6 51. Rf7+ Kg6 52. Rxf3 Nxd5 53. exd5 Rgxd5+ 54. Ke4 Rb5 0-1


[Site "https://www.chess.com"]

[Event "Titled Tuesday Blitz September 28 2021"]
[White "Serikbay, Assel"]
[Black "Begmuratov, Khumoyun"]
[WhiteFideId "13706799"]
[BlackFideId "14210207"]
[WhiteElo "2044"]
[BlackElo "1948"]
[Result "0-1"]
[Round "01"]
[TimeControl "180+1"]
[Date "2021.09.28"]
[WhiteClock "0:00:02"]
[BlackClock "0:00:05"]

1. d4 Nf6 2. c4 g6 3. g3 Bg7 4. Bg2 O-O 5. e4 d6 6. Nc3 c5 7. Nf3 cxd4 8. Nxd4 Nc6 9. Nxc6 bxc6 10. O-O Be6 11. Qe2 Nd7 12. Nd5 Nb6 13. Ne3 Bd4 14. Rd1 c5 15. Nd5 Nxd5 16. cxd5 Bd7 17. Bh6 Re8 18. Kh1 Qb6 19. Rab1 a5 20. b3 f6 21. f4 Qc7 22. f5 Kf7 23. Bd2 a4 24. b4 c4 25. Rbc1 Bb5 26. Bc3 Bxc3 27. Rxc3 a3 28. Bh3 Ra4 29. fxg6+ hxg6 30. Be6+ Kg7 31. Qg4 Rh8 32. Rb1 Qa7 33. Qf3 Qd4 34. Qe3 Qe5 35. Kg1 Raa8 36. Rcc1 Rab8 37. Rc3 Rb7 38. Rbc1 Rc7 39. Qf4 Qd4+ 40. Qe3 Qe5 41. Qf4 Rh5 42. Qxe5 Rxe5 43. Re3 f5 44. Kf2 fxe4 45. Rcc3 Rb7 46. Rxa3 Rb8 47. Ra7 Kf6 48. a4 Be8 49. b5 Bf7 50. Bxf7 Kxf7 51. Rc3 Rc8 52. Ke3 Rxd5 53. b6 Rd3+ 54. Rxd3 exd3 55. b7 Rb8 56. Kd2 Ke6 57. a5 Kd5 58. a6 Kd4 59. Ra8 c3+ 60. Kd1 Ke3 61. Rxb8 c2+ 62. Kc1 Ke2 63. Re8 d2+ 64. Kxc2 d1=Q+ 65. Kc3 Qd3+ 66. Kb4 Qd4+ 67. Kb3 Qb6+ 0-1


[Site "https://www.chess.com"]

[Event "Titled Tuesday Blitz September 28 2021"]
[White "Shahinyan, David"]
[Black "Nesterov, Arseniy"]
[WhiteFideId "13304380"]
[BlackFideId "24198455"]
[WhiteElo "2372"]
[BlackElo "2494"]
[Result "1-0"]
[Round "01"]
[TimeControl "180+1"]
[Date "2021.09.28"]
[WhiteClock "0:00:06"]
[BlackClock "0:00:11"]

1. e4 e5 2. Nf3 Nc6 3. Bb5 a6 4. Ba4 b5 5. Bb3 Na5 6. Bd5 c6 7. Bxf7+ Kxf7 8. Nxe5+ Ke6 9. d4 d6 10. Qg4+ Ke7 11. Qh4+ Nf6 12. Ng6+ hxg6 13. Qxh8 Nxe4 14. O-O Kf7 15. Re1 Nf6 16. Nd2 Bf5 17. Nf3 g5 18. Nxg5+ Kg6 19. h4 Bxc2 20. h5+ Kf5 21. Re3 Kxg5 22. Rf3+ Kh4 23. Rf4+ Ng4 24. f3 Bf5 25. Rxf5 Nh6 26. Rf4+ Kxh5 27. Qh7 Qg5 28. g4+ Kh4 29. Rf5 Qe7 30. Bf4 Qe8 31. Rh5+ Qxh5 32. gxh5 Re8 33. Kf2 Ng4+ 34. fxg4 Kxg4 35. Qg6+ Kxf4 36. Qxe8 1-0


[Site "https://www.chess.com"]

[Event "Titled Tuesday Blitz September 28 2021"]
[White "Shishkov, Andrei"]
[Black "Wong, Yinn Long"]
[WhiteFideId "4500563"]
[BlackFideId "5707684"]
[WhiteElo "2295"]
[BlackElo "2016"]
[Result "0-1"]
[Round "01"]
[TimeControl "180+1"]
[Date "2021.09.28"]
[WhiteClock "0:00:19"]
[BlackClock "0:01:16"]

1. d4 e6 2. c4 f5 3. g3 Nf6 4. Bg2 d5 5. Nh3 c6 6. O-O Be7 7. Nd2 O-O 8. Qc2 b6 9. Nf4 Bd6 10. Nf3 Ne4 11. Nd3 Ba6 12. b3 Nd7 13. Bb2 Qe7 14. Rfd1 Rac8 15. Rac1 Rfd8 16. Qb1 dxc4 17. bxc4 c5 18. d5 exd5 19. cxd5 c4 20. Nf4 c3 21. Ba1 Bxf4 22. gxf4 Bxe2 23. Re1 Nd2 24. Qxf5 Rf8 25. Qg4 Nf6 26. Qg5 Qa3 27. Nxd2 cxd2 28. Bxf6 dxe1=Q+ 29. Rxe1 Rxf6 30. Rxe2 Qc1+ 31. Bf1 Rg6 0-1


[Site "https://www.chess.com"]